Map: Lerilak Crest

Players

LilDicky

  • Race: Zerg Zerg
  • League: Diamond

talaran - Winner!

  • Race: Terran Terran
  • League: Silver

VOD

http://www.twitch.tv/tumescentpie

Description

Time

  • Played on: Dec. 11, 2015, 4:52 p.m.
  • Length: 7:01
Show
View Real Time Build Order
Export as new Build Order

LilDicky Zerg 

Build Orders: 3 Hatch before Pool 

Get SALT Encoding   

  12  0:01  Drone  
  13  0:28  Drone  
  14  0:58  Drone, Extractor  
  14  0:59  Hatchery  
  14  1:01  Drone  
  14  1:02  Drone, Extractor  
  16  1:17  Hatchery  
  15  1:31  Spawning Pool  
  14  1:47  Overlord  
  14  2:07  Drone  
  14  2:08  Drone x2  
  17  2:11  Extractor  
  16  2:17  Drone  
  16  2:18  Queen x2  
  21  2:30  Zergling x4  
  21  2:31  Zergling x2  
  23  2:45  Queen  
  25  3:06  Extractor  
  24  3:14  Queen  
  25  3:42  Lair  
  25  3:45  Drone  
  25  3:46  Drone x7  
  33  4:17  Overlord  
  33  4:21  Overlord  
  33  4:34  Queen  
  33  4:35  Queen  
  37  4:39  Extractor  
  37  4:41  Extractor  
  37  4:43  Extractor x2  
  33  4:50  Zergling x12  
  33  4:51  Zergling x2  
  40  4:58  Metabolic Boost  
  33  5:49  Drone x2  
  33  5:50  Drone x7  
  26  6:06  Spore Crawler  
  24  6:44  Drone  
  24  6:45  Drone x6  
Show
View Real Time Build Order
Export as new Build Order

talaran Terran - Winner!

Build Orders: Reaper Expand 

Get SALT Encoding   

  12  0:01  SCV  
  13  0:13  SCV  
  14  0:18  Supply Depot  
  14  0:25  SCV  
  15  0:39  SCV  
  15  0:41  Barracks  
  16  0:46  Refinery  
  16  0:51  SCV  
  17  1:03  SCV  
  18  1:15  SCV  
  19  1:29  Orbital Command  
  19  1:30  Reaper  
  20  1:49  Command Center  
  20  1:56  SCV  
  20  1:58  Supply Depot  
  21  2:02  Barracks Reactor  
  21  2:08  SCV  
  22  2:20  SCV  
  23  2:32  SCV  
  24  2:43  Marine x2  
  26  2:44  SCV, Refinery  
  27  2:51  Factory  
  27  3:02  SCV  
  27  3:03  Bunker  
  28  3:06  Marine  
  28  3:07  Marine  
  30  3:14  SCV  
  31  3:23  Orbital Command  
  31  3:24  Refinery  
  31  3:27  SCV  
  34  3:32  Supply Depot  
  32  3:40  Starport  
  32  3:41  Barracks Reactor  
  32  3:45  Hellion x2  
  36  3:50  SCV x2  
  38  4:02  SCV x2  
  40  4:07  Supply Depot  
  40  4:13  Liberator x2  
  40  4:14  SCV  
  40  4:15  SCV  
  40  4:16  Hellion x2  
  46  4:26  SCV  
  46  4:29  Command Center  
  53  4:32  SCV  
  53  4:35  Barracks Tech Lab  
  54  4:39  SCV, Refinery  
  54  4:40  Supply Depot  
  54  4:44  SCV  
  56  4:51  SCV  
  55  5:04  SCV  
  55  5:05  SCV  
  55  5:06  Hellion x2  
  60  5:12  Medivac  
  60  5:13  Medivac  
  64  5:17  SCV x2  
  66  5:29  SCV x2  
  66  5:32  Marauder  
  70  5:39  Armory  
  70  5:41  Hellion x2  
  74  5:52  Marine  
  75  5:59  Medivac x2  
  75  6:02  Hellion x2  
  80  6:08  Barracks  
  80  6:09  Barracks  
  80  6:24  Hellion x2  
  84  6:26  SCV  
  84  6:31  SCV x2  
  84  6:32  Marauder  
  88  6:38  Supply Depot, SCV  
  88  6:39  Supply Depot  
Tags
 
Add a new tag
Caveats
  • Supply blocks, unpowered buildings, or Contaminate may cause inaccurate times.
  • Supply counts are checked every 10 seconds.